 Dungeon Crawl Stone Soup version 0.20.0-15-g7f486f2 (webtiles) character file.

3523 Ic0n the Slicer (level 10, -8/63 HPs)
             Began as a Kobold Skald on June 22, 2017.
             Was a Follower of Makhleb.
             Mangled by an ogre
             ... wielding a +0 giant club
              (11 damage)
             ... while paralysed by Grinder
             ... on level 5 of the Dungeon on June 23, 2017.
             The game lasted 00:42:33 (12585 turns).

Ic0n the Slicer (Kobold Skald)                     Turns: 12585, Time: 00:42:34

Health: -8/63      AC:  5    Str: 15    XL:     10   Next: 29%
Magic:  13/13      EV:  3    Int: 16    God:    Makhleb [*.....]
Gold:   267        SH:  0    Dex: 15    Spells: 2/13 levels left

rFire    + . .     SeeInvis .   a - +2 short sword (holy)
rCold    . . .     Gourm    .   (shield restricted)
rNeg     . . .     Faith    .   r - +1 leather armour
rPois    +         Spirit   .   (no helmet)
rElec    .         Reflect  .   (no cloak)
rCorr    .         Harm     .   (no gloves)
MR       .....                  m - +0 pair of boots
Stlth    +++.......             (no amulet)
Regen    0.2/turn               E - ring of protection from fire
MPRegen  0.2/turn               h - ring of poison resistance

@: paralysed, mighty, hasted
A: carnivore 3
a: Renounce Religion


You were on level 5 of the Dungeon.
You worshipped Makhleb.
Makhleb was aware of your devotion.
You were completely stuffed.

You visited 2 branches of the dungeon, and saw 9 of its levels.

You collected 421 gold pieces.
You spent 154 gold pieces at shops.

Inventory:

Hand Weapons
 a - a +2 short sword of holy wrath (weapon)
 b - a +2 short sword of venom
 u - a +2 falchion of holy wrath
 v - a +0 hunting sling
 F - a +0 flail of holy wrath
 G - a +0 rapier
Missiles
 n - 28 sling bullets
Armour
 m - a +0 pair of boots (worn)
 r - a +1 leather armour (worn)
 H - a +1 ring mail of fire resistance
Jewellery
 h - a ring of poison resistance (right hand)
 z - an uncursed ring of positive energy
 C - an uncursed ring of fire {unknown}
 E - a ring of protection from fire (left hand)
Scrolls
 g - a scroll of teleportation
 o - a scroll of magic mapping
 y - 2 scrolls of recharging
 I - a scroll of blinking
Potions
 e - a potion of magic
 f - 4 potions of curing
 i - 2 potions of mutation
 j - a potion of brilliance
 k - 2 potions of lignification
 l - a potion of berserk rage
 q - a potion of flight
 t - a potion of cancellation
 w - a potion of agility
 x - a potion of experience {unknown}
 B - a potion of heal wounds {unknown}
Books
 c - a book of Battle

   Spells                             Type                      Level
   a - Infusion                       Charms                       1
   b - Shroud of Golubria             Charms/Translocation         2
   c - Song of Slaying                Charms                       2
   d - Spectral Weapon                Hexes/Charms                 3
   e - Regeneration                   Charms/Necromancy            3
Comestibles
 d - 4 meat rations
 s - 9 chunks of flesh
 A - a royal jelly


   Skills:
 + Level 7.2 Fighting
 + Level 8.0 Short Blades
 - Level 1.2 Armour
 + Level 6.5 Dodging
 * Level 6.7 Stealth
 - Level 2.1 Spellcasting
 - Level 4.6 Charms
 - Level 5.7 Necromancy
 - Level 3.7 Translocations


You had 2 spell levels left.
You knew the following spells:

 Your Spells              Type           Power        Failure   Level  Hunger
a - Infusion              Chrm           ###.         3%          1    #......
b - Song of Slaying       Chrm           ###.....     5%          2    ###....
c - Shroud of Golubria    Chrm/Tloc      ###.......   7%          2    ###....
d - Spectral Weapon       Hex/Chrm       #.......     28%         3    ###....
e - Regeneration          Chrm/Necr      ###.......   9%          3    ###....


Dungeon Overview and Level Annotations

Branches:
Dungeon (8/15)             Temple (1/1) D:6
   Lair: D:8-11

Altars:
Ashenzari
Gozag
Makhleb
Nemelex Xobeh
Qazlal
Ru
Uskayaw
Xom
Zin

Shops:
D:6 !

Annotations:
D:5 Grinder
D:8 Grum; Nr616's ghost, novice MfTm; Pikel


Innate Abilities, Weirdness & Mutations

You are small and have problems with some larger weapons.
You are carnivorous and can eat meat at any time.


Message History

You feel yourself speed up.
The orc wizard points at you and mumbles some strange words.
You easily resist.
You barely miss Grinder. Grinder misses you.
You puncture Grinder!
Grinder convulses.
Grinder is moderately wounded.
You puncture Grinder!
Grinder convulses.
Grinder is severely wounded.
Grinder gestures at you.
You suddenly lose the ability to move!
The ogre hits you with a giant club! Grinder hits you.
You writhe in agony.
The ogre hits you with a giant club!!
* * * LOW HITPOINT WARNING * * *
The orc wizard barely misses you. Grinder hits you!
* * * LOW HITPOINT WARNING * * *
You writhe in agony.
* * * LOW HITPOINT WARNING * * *
The orc wizard hits you but does no damage.
The ogre hits you with a giant club!
You die...

#..[......#####.####### ####.#
#.###.#(......>)......# #.# #.#
#.#...#####[#####.# ##e###
#.###.#...#####.# #.# #.....
#l#.............# #.# #.....
#J#.#.###.####..# #.#####.e...
#.#.#.###.####..#####.##........
##.#............o5.........#.....
l...........####@#.###.##..##.###
####..#####.# #O###....##.o #.#
#..... .....# .... .o. #.#
##.#####...) #5####. #.# #.#
###..# ... .. ..# #.# #.#.# ## #.
.. #.##.


You could see Grinder, an ogre and an orc wizard.

Vanquished Creatures
  Joseph (D:7)
  A hornet (D:7)
  Eustachio (D:6)
  Menkaure (D:7)
  Edmund (D:5)
  2 sky beasts (D:7)
  Duvessa (D:5)
  An ice beast (D:7)
  A hornet zombie (D:5)
  A phantom (D:4)
  An ogre (D:7)
  3 centaurs
  A big kobold (D:8)
  The ghost of Baril the Caller, an amateur DESu (D:3)
  6 bullfrogs
  Dowan (D:5)
  A wyvern skeleton (D:6)
  4 scorpions
  A howler monkey (D:4)
  2 crimson imps
  2 hounds
  A centaur skeleton (D:4)
  6 jellies
  2 orc priests (D:6)
  3 orc wizards
  An iguana (D:6)
  5 worker ants
  7 gnolls
  11 adders
  A shadow imp (D:7)
  3 dart slugs (D:1)
  4 worms
  8 leopard geckos
  12 orcs
  11 bats
  5 giant cockroaches
  4 goblins
  10 hobgoblins
  10 jackals
  2 quokkas
  A ball python (D:1)
  4 frilled lizards
  A giant cockroach zombie (D:5)
  13 kobolds
  A quokka skeleton (D:7)
  8 rats
168 creatures vanquished.

Notes
Turn   | Place    | Note
-------+----------+-------------------------------------------
     0 | D:1      | Ic0n the Kobold Skald began the quest for the Orb.
     0 | D:1      | Reached XP level 1. HP: 12/12 MP: 3/3
    39 | D:1      | Reached skill level 1 in Armour
    61 | D:1      | Reached XP level 2. HP: 18/18 MP: 5/5
   335 | D:1      | Reached skill level 3 in Short Blades
   339 | D:1      | Learned a level 2 spell: Song of Slaying
   342 | D:1      | Learned a level 2 spell: Shroud of Golubria
   598 | D:1      | Reached XP level 3. HP: 21/22 MP: 3/6
  1305 | D:2      | Reached skill level 1 in Translocations
  1410 | D:2      | Reached XP level 4. HP: 25/27 MP: 3/7
  2500 | D:3      | Noticed Baril's ghost (amateur DESu)
  2934 | D:3      | Killed Baril's ghost
  2934 | D:3      | Reached XP level 5. HP: 19/32 MP: 1/8
  3658 | D:3      | Found a shattered altar of Ashenzari.
  3844 | D:3      | Noticed an orc warrior
  4787 | D:3      | Reached skill level 1 in Stealth
  4787 | D:3      | Reached XP level 6. HP: 21/37 MP: 6/9
  5803 | D:4      | Found a burning altar of Makhleb.
  5803 | D:4      | Found a hide-covered altar of Uskayaw.
  5807 | D:4      | Became a worshipper of Makhleb the Destroyer
  5952 | D:4      | Reached XP level 7. HP: 24/42 MP: 8/10
  6227 | D:5      | Entered Level 5 of the Dungeon
  6244 | D:5      | Noticed Duvessa
  6328 | D:5      | Learned a level 3 spell: Spectral Weapon
  6334 | D:5      | Noticed Edmund
  6764 | D:5      | Noticed Grinder
  7014 | D:5      | Noticed Dowan
  7119 | D:6      | Reached skill level 5 in Stealth
  7187 | D:6      | Found a glowing silver altar of Zin.
  7188 | D:6      | Found an opulent altar of Gozag.
  7222 | D:6      | Found a sparkling altar of Nemelex Xobeh.
  7254 | D:6      | Found a staircase to the Ecumenical Temple.
  7263 | Temple   | Entered the Ecumenical Temple
  7854 | D:6      | Reached XP level 8. HP: 22/48 MP: 4/11
  8173 | D:6      | Found Mynum's Distillery.
  8173 | D:6      | Noticed Eustachio
  8209 | D:6      | Killed Eustachio
  8209 | D:6      | Reached skill level 4 in Short Blades
  8308 | D:6      | Bought a potion of curing for 33 gold pieces
  8308 | D:6      | Bought a potion of curing for 33 gold pieces
  8308 | D:6      | Bought a potion of curing for 33 gold pieces
  8308 | D:6      | Bought a potion of berserk rage for 55 gold pieces
  8785 | D:6      | Reached skill level 5 in Fighting
  8790 | D:6      | Reached skill level 5 in Short Blades
  8827 | D:6      | Learned a level 3 spell: Regeneration
  8971 | D:6      | Found a stormy altar of Qazlal.
  8974 | D:6      | Found a sacrificial altar of Ru.
  9116 | D:7      | Noticed Menkaure
  9159 | D:7      | HP: 2/73 [Menkaure (17)]
  9160 | D:7      | Killed Menkaure
  9160 | D:7      | Reached skill level 1 in Necromancy
  9493 | D:7      | Reached XP level 9. HP: 42/54 MP: 7/12
  9552 | D:7      | Noticed a hornet
  9562 | D:7      | Killed a hornet
  9562 | D:7      | Reached skill level 6 in Short Blades
  9835 | D:7      | Reached skill level 5 in Dodging
  9848 | D:7      | Reached * piety under Makhleb
 10096 | D:7      | Found a shimmering altar of Xom.
 10453 | D:7      | Noticed Joseph
 10666 | D:7      | Killed Joseph
 10834 | D:7      | Reached skill level 7 in Short Blades
 10834 | D:7      | Reached skill level 5 in Necromancy
 11039 | D:8      | Noticed Nr616's ghost (novice MfTm)
 11041 | D:8      | Noticed Grum
 11090 | D:8      | Noticed Pikel
 11270 | D:5      | Killed Edmund
 11270 | D:5      | Reached XP level 10. HP: 54/61 MP: 13/13
 12013 | D:5      | Killed Duvessa
 12018 | D:5      | Killed Dowan
 12222 | D:6      | Reached skill level 8 in Short Blades
 12582 | D:5      | Paralysed by Grinder for 6 turns
 12584 | D:5      | HP: 3/63 [Grinder (6)]
 12585 | D:5      | Mangled by an ogre

Skill      XL: |  1  2  3  4  5  6  7  8  9 10 |
---------------+-------------------------------+-----
Armour         | 1 |  1.2
Short Blades   | 3 5 7 8 |  8.0
Translocations | 1 2 3 |  3.7
Charms         | 3 4 |  4.6
Dodging        | 3 4 6 |  6.5
Fighting       | 3 4 5 6 7 |  7.2
Stealth        | 1 3 5 6 |  6.7
Necromancy     | 2 5 |  5.7
Spellcasting   | |  2.1

Action                   |  1- 3 |  4- 6 |  7- 9 | 10-12 || total
-------------------------+-------+-------+-------+-------++-------
Melee: Short sword       |   106 |   317 |   269 |   146 ||   838
       Spear             |       |       |    60 |       ||    60
Throw: Stone             |     3 |    34 |    16 |       ||    53
 Cast: Infusion          |     3 |     7 |    11 |       ||    21
       Shroud of Golubri |       |     8 |    16 |     1 ||    25
       Regeneration      |       |       |     2 |     3 ||     5
       Song of Slaying   |       |       |     1 |     1 ||     2
  Use: Scroll            |    10 |     3 |    10 |     1 ||    24
       Potion            |       |     1 |     3 |     2 ||     6
 Stab: Sleeping          |       |     1 |     6 |       ||     7
       Distracted        |       |     1 |     1 |       ||     2
  Eat: Chunk             |    10 |    15 |    18 |     6 ||    49
Armor: Leather armour    |    32 |    65 |    50 |    22 ||   169
Dodge: Dodged            |    85 |   286 |   212 |    92 ||   675
